AoeStats
← Kajtek8655

Arena

504531881Analyzed
1v1 RM · 28d ago on Sep 5, 2026· 72m 0s· 2 players
Game mode
Random Map
Map size
Tiny (2 player)
Population
200
Speed
Normal
Resources
Standard
Victory
Conquest
Starting age
Dark Age
Ending age
Imperial Age
RankedLock teamsTeams togetherTeam positionsShared explorationLock speedFull tech treeHidden civsTurbo modeCheats
Victory
Defeat
🇺🇸 Khmer · United States
500
+13
🇵🇱 Poles · Poland
436
-13
Kajtek8655
11:53 Feudal Age
13:32 Double-Bit Axe
24:31 Castle Age
25:25 Light Cavalry
26:13 Husbandry
27:43 Bow Saw
28:37 Wheelbarrow
29:40 Hand Cart
34:59 Imperial Age
32:09 Crossbowman
34:36 Ballistics
37:39 Chemistry
36:27 Arrowslits
36:33 Guard Tower
36:54 Careening
40:39 Fortified Wall
43:22 Arbalester
44:10 Thumb Ring
45:13 Horse Collar
45:36 Gold Mining
57:41 Light Cavalry
60:41 Winged Hussar
gkenthall
1:25 Loom
16:38 Feudal Age
18:28 Horse Collar
20:21 Wheelbarrow
19:39 Double-Bit Axe
24:36 Castle Age
23:25 Arson
23:01 Man-at-Arms
24:39 Scale Mail Armor
25:09 Pikeman
27:30 Wheelbarrow
28:18 Bloodlines
28:33 Town Watch
29:09 Heavy Plow
29:26 Tusk Swords
32:22 Forging
32:18 Scale Barding Armor
32:05 Fletching
32:59 Gold Mining
33:01 Stone Mining
33:23 Fortified Wall
33:10 Murder Holes
34:46 Hand Cart
35:30 Light Cavalry
38:16 Guard Tower
38:39 Masonry
39:42 Padded Archer Armor
40:24 Husbandry
40:26 Bodkin Arrow
40:01 Long Swordsman
41:41 Ballistics
41:32 Town Patrol
45:59 Imperial Age
43:21 Elite Skirmisher
43:23 Crossbowman
46:02 Capped Ram
47:39 Bow Saw
48:41 Elite Ballista Elephant
49:16 Elite Battle Elephant
49:51 Siege Ram
50:16 Elite Ballista Elephant
51:40 Onager
52:56 Bracer
53:31 Iron Casting
54:05 Double Crossbow
55:22 Arbalester
55:28 Heavy Scorpion
63:22 Halberdier
64:37 Cavalier
64:38 Hussar
69:16 Parthian Tactics
68:11 Heavy Cavalry Archer
69:37 Architecture
69:13 Siege Engineers
69:07 Two-Handed Swordsman
73:28 Chemistry
73:04 Keep
Connection lost

Rejoining the realm…

Still unreachable

The connection could not be restored.

Session expired

The server has moved on; the page needs a fresh start.